AoeStats
← sofia sarte

Runestones

507293846Analyzed
1v1 RM · 15d ago on Sep 17, 2026· 45m 34s· 2 players
Game mode
Random Map
Map size
Tiny (2 player)
Population
200
Speed
Normal
Resources
Standard
Victory
Conquest
Starting age
Dark Age
Ending age
Imperial Age
RankedLock teamsTeams togetherTeam positionsShared explorationLock speedFull tech treeHidden civsTurbo modeCheats
Victory
Defeat
🇦🇷 Wu · Argentina
1385
+15
🇨🇱 Spanish · Chile
1354
-15
sofia sarte
5:25 Loom
11:28 Feudal Age
16:56 Castle Age
一剑霜寒
6:01 Loom
8:41 Feudal Age
8:47 Man-at-Arms
10:08 Double-Bit Axe
18:40 Horse Collar
24:15 Castle Age
23:17 Fletching
23:27 Padded Archer Armor
26:29 Bodkin Arrow
Connection lost

Rejoining the realm…

Still unreachable

The connection could not be restored.

Session expired

The server has moved on; the page needs a fresh start.